 Dungeon Crawl Stone Soup version 0.32-a0-975-g85d4e5bfdb (webtiles) character file.

Game seed: 1462344471816900575

5645 RBrandon the Skirmisher (level 10, 0/53 HPs)
             Began as a Deep Elf Reaver on Apr 18, 2024.
             Was a Believer of Ashenzari.
             Shot with an arrow by a centaur warrior (13 damage)
             ... on level 9 of the Dungeon.
             The game lasted 00:28:06 (11175 turns).

RBrandon the Skirmisher (Deep Elf Reaver)          Turns: 11175, Time: 00:28:07

Health: 0/53       AC: 17    Str:  9    XL:     10   Next: 46%
Magic:  9/20       EV: 10    Int: 21    God:    Ashenzari [**....]
Gold:   184        SH:  0    Dex: 15    Spells: 14/20 levels left

rFire   . . .        z - +0 shortbow "Mantic Portent" {Range, Melee} (curse)
rCold   + + .        (shield currently unavailable)
rNeg    . . .        j - +7 Kryia's mail coat {PotionHeal*2 rC+}
rPois   .            (no helmet)
rElec   .            (no cloak)
rCorr   .            A - +1 pair of gloves
SInv    +            (no boots)
Will    ++...        (no amulet) Stlth
                     q - ring "Per Aspera Ad Scientiam" {Will+, Sorc, Range} (curse)
HPRegen 0.28/turn    r - ring of Panopticon {rC+, Fort, Comp} (curse)
MPRegen 0.17/turn

%: no passive effects
@: hasted, very quick
A: no striking features
a: Renounce Religion, Curse Item, Shatter the Chains


You were on level 9 of the Dungeon.
You worshipped Ashenzari.
Ashenzari was pleased with you.
You visited 1 branch of the dungeon, and saw 9 of its levels.

You collected 444 gold pieces.
You spent 260 gold pieces at shops.

Inventory:

Hand Weapons
 a - a +0 short sword
 d - a +1 dagger of draining
   (You found it on level 1 of the Dungeon)
 e - a +0 orcbow
 z - the cursed +0 shortbow "Mantic Portent" (weapon) {Range, Melee}
   (You took it off a centaur on level 6 of the Dungeon)

   It has a curse which improves the following skills: Ranged Combat: Ranged
   Weapons and Throwing.
   Melee Combat: Short Blades, Long Blades, Axes, Maces & Flails, Polearms,
   Staves and Unarmed Combat.
Missiles
 c - 29 poisoned darts
Armour
 b - a +0 leather armour
 j - the +7 Kryia's mail coat (worn) {PotionHeal*2 rC+}
   (You found it on level 3 of the Dungeon)

   PotionHeal*2: Potions heal its wearer twice as much.
   rC+:       It protects you from cold.
 y - a +0 buckler
 A - a +1 pair of gloves (worn)
Jewellery
 q - the cursed ring "Per Aspera Ad Scientiam" (left hand) {Will+, Sorc, Range}
   (You found it on level 4 of the Dungeon)

   [ring of willpower]

   Will+:     It increases your willpower.
   It has a curse which improves the following skills: Sorcery: Conjurations and
   Alchemy.
   Ranged Combat: Ranged Weapons and Throwing.
 r - the cursed ring of Panopticon (right hand) {rC+, Fort, Comp}
   (You found it on level 4 of the Dungeon)

   [ring of protection from cold]

   rC+:       It protects you from cold.
   It has a curse which improves the following skills: Fortitude: Armour and
   Shields.
   Companions: Summonings and Necromancy.
Talismans
 i - a serpent talisman
Wands
 h - a wand of warping (5)
 l - a wand of mindburst (4)
 x - a wand of paralysis (20)
Scrolls
 f - 5 scrolls of teleportation
 n - 2 scrolls of fear
 o - a scroll of poison
 s - 4 scrolls of amnesia
Potions
 k - 3 potions of heal wounds
 m - a potion of might
 p - 6 potions of enlightenment
 t - 2 potions of haste
 u - 2 potions of attraction
 v - a potion of mutation
 w - 4 potions of curing


   Skills:
 - Level 1.6 Fighting
 - Level 3.2(4.2) Short Blades
 - Level 9.0(10.7) Ranged Weapons
 - Level 6.1(7.3) Armour
 + Level 8.8 Dodging
 - Level 5.6 Spellcasting
 - Level 8.6(9.8) Conjurations
 - Level 1.1 Translocations
 - Level 5.1 Ice Magic


You had 14 spell levels left.
You knew the following spells:

 Your Spells              Type           Power      Damage    Failure   Level
a - Kiss of Death         Conj/Necr      100%       2d13      9%          1
b - Momentum Strike       Conj/Tloc      58%        3d9       10%         2
c - Hailstorm             Conj/Ice       37%        3d9       9%          3

Your spell library contained the following spells:

 Spells                   Type           Power      Damage    Failure   Level
 Ignite Poison            Fire/Alch      6%         N/A       99%         4
 Sticky Flame             Fire/Alch      6%         2d4       99%         4
 Ignition                 Fire           2%         3d3       100%        8


Dungeon Overview and Level Annotations

Branches:
Dungeon (9/15)             Temple (0/1) D:7            Lair (0/5) D:9
    Orc: D:9-12

Altars:
Ashenzari
Dithmenos
Elyvilon
Xom
Zin

Shops:
D:8 !

Annotations:
D:7 1 runed translucent door, EvolutionX's ghost, novice MiBe


Message History

The hail pelts the centaur warrior!!
The centaur warrior is moderately wounded.
An orc warrior and an orc wizard come into view.
The orc warrior shouts!
You hear a bellow!
The centaur warrior shoots an arrow.
The arrow closely misses you.
A yak comes into view.
The orc wizard moves out of view.
Casting: Hailstorm (dangerous; 9% risk of failure)
Press: ? - help, Q - select action, (/) - cycle Dir - look around, f - activate A cannonade of hail descends around you!
The hail pelts the four-headed hydra!!
The four-headed hydra is severely wounded.
The hail misses the wraith.
The hail pelts the centaur warrior!!
The centaur warrior is severely wounded.
The centaur warrior shoots an arrow.
The arrow hits you.
The centaur warrior shoots an arrow.
The arrow barely misses you.
Casting: Hailstorm (dangerous; 9% risk of failure)
Press: ? - help, Q - select action, (/) - cycle Dir - look around, f - activate A cannonade of hail descends around you!
The hail pelts the four-headed hydra!
The four-headed hydra is almost dead.
The hail pelts the wraith!
The wraith partially resists.
The wraith is heavily damaged.
The centaur warrior shoots an arrow.
The arrow barely misses you.
The four-headed hydra attacks as it pursues you!
The four-headed hydra bites you but does no damage.
The four-headed hydra bites you.
The four-headed hydra barely misses you. x2
The centaur warrior shoots an arrow.
The arrow hits you.
The four-headed hydra attacks as it pursues you!
The four-headed hydra barely misses you.
The four-headed hydra bites you.
* * * LOW HITPOINT WARNING * * *
The four-headed hydra closely misses you.
The four-headed hydra bites you!
* * * LOW HITPOINT WARNING * * *
The centaur warrior shoots an arrow.
The arrow hits you!
You die...

#..# #...######
#..# #...# #..#
#...# #..# #...#
#..# #...# #).#
#...# #..# #...#
#######..# #...#
......>@.# #...#
.........######...#
#######D..........#
#.Wc........##
#............#####
#.....#####.......
#...###..........#
#o..#......####...
#..##....... ##..


You could see a four-headed hydra, a centaur warrior, a wraith and an orc
warrior.

Vanquished Creatures
  A two-headed ogre (D:8)
  Jeremiah (D:7)
  A komodo dragon (D:9)
  Prince Ribbit (D:6)
  A wyvern (D:9)
  4 yaks (D:9)
  3 steam dragons
  Duvessa (D:5)
  3 orc warriors
  An ice beast (D:5)
  7 ogres
  5 centaurs
  A kobold brigand (D:8)
  2 bullfrogs (D:8)
  2 scorpions
  Dowan (D:5)
  3 killer bees (D:8)
  4 electric eels (D:8)
  3 howler monkeys
  2 bombardier beetles (D:5)
  5 gnoll boudas
  3 hounds
  A jelly (D:6)
  3 orc priests
  A sleepcap (D:6)
  Terence (D:2)
  4 iguanas
  3 orc wizards
  20 gnolls
  7 adders
  A white imp (D:5)
  2 ufetubi (D:6)
  2 ribbon worms
  A dart slug (D:1)
  19 orcs
  3 bats
  8 endoplasms
  4 giant cockroaches
  10 hobgoblins
  6 jackals
  A quokka (D:1)
  7 ball pythons
  5 frilled lizards
  4 goblins
  12 kobolds
  4 rats
184 creatures vanquished.

Vanquished Creatures (others)
  An orc (D:8)
1 creature vanquished.

Grand Total: 185 creatures vanquished

Notes
Turn   | Place    | Note
-------+----------+-------------------------------------------
     0 | D:1      | RBrandon the Deep Elf Reaver began the quest for the Orb.
     0 | D:1      | Reached XP level 1. HP: 12/12 MP: 6/6
   239 | D:1      | Reached XP level 2. HP: 15/17 MP: 8/8
   430 | D:1      | Learned a level 2 spell: Momentum Strike
   960 | D:2      | Reached skill level 1 in Translocations
  1021 | D:2      | Reached XP level 3. HP: 15/21 MP: 7/9
  1025 | D:2      | Learned a level 3 spell: Hailstorm
  1596 | D:2      | Reached XP level 4. HP: 26/26 MP: 8/12
  1599 | D:2      | Noticed Terence
  1606 | D:2      | Killed Terence
  1607 | D:2      | Reached skill level 5 in Spellcasting
  2008 | D:3      | Reached skill level 1 in Ice Magic
  2171 | D:3      | Found the +7 Kryia's mail coat {PotionHeal*2 rC+}
  2208 | D:3      | Found a shadowy altar of Dithmenos.
  2222 | D:3      | Reached XP level 5. HP: 30/30 MP: 12/15
  3039 | D:4      | Reached XP level 6. HP: 19/35 MP: 10/16
  3660 | D:4      | Found a broken altar of Ashenzari.
  3668 | D:4      | Became a worshipper of Ashenzari the Shackled
  3765 | D:5      | Entered Level 5 of the Dungeon
  4239 | D:5      | Found a glowing silver altar of Zin.
  4240 | D:5      | Noticed an angel
  4256 | D:5      | Reached skill level 5 in Conjurations
  4260 | D:5      | Reached XP level 7. HP: 33/39 MP: 2/17
  4449 | D:5      | Reached skill level 5 in Ice Magic
  4664 | D:5      | Noticed Dowan
  4865 | D:5      | Noticed Duvessa
  4985 | D:5      | Killed Duvessa
  5085 | D:5      | Killed Dowan
  5086 | D:5      | Reached XP level 8. HP: 27/31 MP: 18/18
  5589 | D:6      | Reached * piety under Ashenzari
  5646 | D:6      | Noticed Prince Ribbit
  5658 | D:6      | Killed Prince Ribbit
  5659 | D:6      | Reached skill level 3 in Ranged Weapons
  5808 | D:6      | Reached skill level 4 in Ranged Weapons
  5847 | D:6      | Reached skill level 5 in Ranged Weapons
  6216 | D:6      | Reached skill level 6 in Ranged Weapons
  6526 | D:7      | Reached skill level 7 in Ranged Weapons
  6687 | D:7      | Found a staircase to the Ecumenical Temple.
  6983 | D:7      | Noticed Jeremiah
  6998 | D:7      | Killed Jeremiah
  6999 | D:7      | Reached skill level 9 in Ranged Weapons
  6999 | D:7      | Reached XP level 9. HP: 48/48 MP: 6/19
  7113 | D:7      | Reached ** piety under Ashenzari
  7155 | D:7      | Found a runed translucent door.
  7218 | D:7      | Found a shimmering altar of Xom.
  7218 | D:7      | Noticed EvolutionX's ghost (novice MiBe)
  7218 | D:7      | Noticed a +2 rapier of chaos
  7593 | D:8      | Reached skill level 1 in Armour
  7634 | D:8      | Found Virelime's Distillery.
  7645 | D:8      | Bought a potion of haste for 130 gold pieces
  7645 | D:8      | Bought a potion of haste for 130 gold pieces
  7737 | D:8      | Found a white marble altar of Elyvilon.
  7760 | D:8      | Noticed a two-headed ogre
  7769 | D:8      | Killed a two-headed ogre
  8645 | D:8      | Reached skill level 5 in Armour
  9775 | D:9      | Reached XP level 10. HP: 45/48 MP: 6/20
  9913 | D:9      | Reached skill level 5 in Dodging
 10973 | D:9      | Found a staircase to the Lair.
 11147 | D:9      | Identified the +1 mace of Amyliab {drain, ^Drain rElec
                  | Int+3 Dex+4}
 11150 | D:9      | Noticed a centaur warrior
 11150 | D:9      | Noticed a four-headed hydra
 11175 | D:9      | Shot with an arrow by a centaur warrior

Illustrated notes

Levels and vault maps discovered:
D:1:      dpeg_arrival_simpleton_b, layout_basic, serial_park_tiny_2
D:2:      layout_basic, uniq_terence
D:3:      layout_loops_ring, grunt_dithmenos_smoke,
          minmay_fractal_squares_diagonal_5
D:4:      layout_loops_ring, lemuel_coloured_pillars_altar
D:5:      layout_rooms, zin_angel, uniq_duvessa
D:6:      layout_loops_ring, uniq_prince_ribbit1
D:7:      layout_basic, minmay_temple_entry_junction, ebering_ghost_xom,
          uniq_jeremiah
D:8:      layout_loops_cross, lemuel_crystal_altar, serial_shops, shop,
          kennysheep_boxes
D:9:      kennysheep_seaside_town, layout_long_grid,
          mainiacjoe_overflow_small_starburst, david_lair_shrubbed,
          minmay_radiant

Skill      XL: |  1  2  3  4  5  6  7  8  9 10 |
---------------+-------------------------------+-----
Translocations | 1 |  1.1
Spellcasting   | 4 5 |  5.6
Ice Magic      | 2 3 4 5 |  5.1
Conjurations   | 4 5 7 8 |  8.6
Ranged Weapons | 9 |  9.0
Dodging        | 4 8 |  8.8
Armour         | 6 |  6.1
Fighting       | |  1.6
Short Blades   | |  3.2

Action                     |  1- 3 |  4- 6 |  7- 9 | 10-12 || total
---------------------------+-------+-------+-------+-------++-------
  Melee: Dagger            |    89 |    72 |    12 |       ||   173
         Short sword       |     5 |       |       |       ||     5
   Fire: Shortbow          |       |       |   155 |    77 ||   232
  Throw: Dart              |     8 |     1 |       |       ||     9
   Cast: Kiss of Death     |     1 |     1 |     9 |       ||    11
         Momentum Strike   |     8 |    16 |    25 |     8 ||    57
         Hailstorm         |       |    32 |    64 |    35 ||   131
 Invoke: Curse Item        |       |       |     3 |       ||     3
  Evoke: Wand              |       |     3 |    10 |     9 ||    22
    Use: Scroll            |       |       |    13 |     1 ||    14
         Potion            |       |       |     1 |     1 ||     2
   Stab: Sleeping          |     1 |     1 |       |       ||     2
 Armour: Leather armour    |    57 |    46 |    52 |       ||   155
         Scale mail        |       |       |   131 |    76 ||   207
  Dodge: Dodged            |    48 |    52 |   105 |    46 ||   251

Table legend: (Time is in decaauts)
 A = Elapsed time spent in this place.
 B = Non-inter-level travel time spent in this place.
 C = Inter-level travel time spent in this place.
 D = Time resting spent in this place.
 E = Time spent auto-exploring this place.
 F = Levels seen in this place.
 G = Mean time per level.
                   A        B        C        D        E       F      G
               +--------+--------+--------+--------+--------+-----+--------+
         Total |  11195 |  10852 |    343 |   3701 |   5370 |   9 | 1243.9 |
       Dungeon |  11195 |  10852 |    343 |   3701 |   5370 |   9 | 1243.9 |
               +--------+--------+--------+--------+--------+-----+--------+

Top non-repeatable levels by time:
     D:8: 2122 daAuts
     D:9: 1551 daAuts
     D:5: 1230 daAuts
     D:4: 1226 daAuts
     D:6: 1194 daAuts
     D:2: 1108 daAuts
     D:7: 1056 daAuts
     D:1: 876 daAuts
     D:3: 826 daAuts

Levels and vault maps discovered:
D:1:      dpeg_arrival_simpleton_b, layout_basic, serial_park_tiny_2
D:2:      layout_basic, uniq_terence
D:3:      layout_loops_ring, grunt_dithmenos_smoke,
          minmay_fractal_squares_diagonal_5
D:4:      layout_loops_ring, lemuel_coloured_pillars_altar
D:5:      layout_rooms, zin_angel, uniq_duvessa
D:6:      layout_loops_ring, uniq_prince_ribbit1
D:7:      layout_basic, minmay_temple_entry_junction, ebering_ghost_xom,
          uniq_jeremiah
D:8:      layout_loops_cross, lemuel_crystal_altar, serial_shops, shop,
          kennysheep_boxes
D:9:      kennysheep_seaside_town, layout_long_grid,
          mainiacjoe_overflow_small_starburst, david_lair_shrubbed,
          minmay_radiant

Table legend: (Time is in decaauts)
 A = Elapsed time spent in this place.
 B = Non-inter-level travel time spent in this place.
 C = Inter-level travel time spent in this place.
 D = Time resting spent in this place.
 E = Time spent auto-exploring this place.
 F = Levels seen in this place.
 G = Mean time per level.
                   A        B        C        D        E       F      G
               +--------+--------+--------+--------+--------+-----+--------+
         Total |  11195 |  10852 |    343 |   3701 |   5370 |   9 | 1243.9 |
       Dungeon |  11195 |  10852 |    343 |   3701 |   5370 |   9 | 1243.9 |
               +--------+--------+--------+--------+--------+-----+--------+

Top non-repeatable levels by time:
     D:8: 2122 daAuts
     D:9: 1551 daAuts
     D:5: 1230 daAuts
     D:4: 1226 daAuts
     D:6: 1194 daAuts
     D:2: 1108 daAuts
     D:7: 1056 daAuts
     D:1: 876 daAuts
     D:3: 826 daAuts

Table legend:
 A = Kills in this place as a percentage of kills in the entire game.
 B = Kills by you in this place as a percentage of kills by you in the entire game.
 C = Kills by friends in this place as a percentage of kills by friends in the entire game.
 D = Other kills in this place as a percentage of other kills in the entire game.
 E = Experience gained in this place as a percentage of experience gained in the entire game.
 F = Experience gained in this place divided by the number of levels of this place that you have seen.
                   A       B       C       D       E      F
               +-------+-------+-------+-------+-------+----------------------
         Total | 100.0 | 100.0 |   N/A | 100.0 | 100.0 | 896.1
       Dungeon | 100.0 | 100.0 |   N/A | 100.0 | 100.0 | 896.1
               +-------+-------+-------+-------+-------+----------------------
